 Dungeon Crawl Stone Soup version 0.24.0-13-gcf9b319 (webtiles) character file.

Game seed: 7317694697274783537, levelgen mode: deterministic

41 wrhowe the Skirmisher (level 3, -5/30 HPs)
             Began as a Demonspawn Abyssal Knight on Jan 8, 2020.
             Was a Follower of Lugonu.
             Slain by a gnoll (6 damage)
             ... on level 2 of the Dungeon.
             The game lasted 00:05:46 (730 turns).

wrhowe the Skirmisher (Demonspawn Abyssal Knight)    Turns: 730, Time: 00:05:47

Health: -5/30      AC:  5    Str: 13    XL:     3   Next: 32%
Magic:  5/5        EV: 11    Int: 13    God:    Lugonu [*.....]
Gold:   41         SH:  0    Dex: 12    Spells: 2/2 levels left

rFire    . . .     SeeInvis .   e - +4 flail (crush)
rCold    . . .     Gourm    .   (no shield)
rNeg     . . .     Faith    .   b - +0 leather armour
rPois    .         Spirit   .   (no helmet)
rElec    .         Reflect  .   (no cloak)
rCorr    .         Harm     .   (no gloves)
MR       .....                  (no boots)
Stlth    +.........             (no amulet)
HPRegen  0.10/turn              (no ring)
MPRegen  0.09/turn              (no ring)

@: no status effects
A: iridescent scales 1, rot immunity
a: Depart the Abyss, Renounce Religion


You were on level 2 of the Dungeon.
You worshipped Lugonu.
Lugonu was aware of your devotion.
You were not hungry.

You visited 1 branch of the dungeon, and saw 2 of its levels.
You visited the Abyss 1 time.

You collected 41 gold pieces.

Inventory:

Hand Weapons
 a - a +1 falchion
 e - a +4 flail of crushing (weapon)
Armour
 b - a +0 leather armour (worn)
Scrolls
 g - a scroll of blinking {unknown}
 h - 3 scrolls of identify {unknown}
 j - a scroll of enchant armour {unknown}
Potions
 d - a potion of might {unknown}
 f - a potion of magic {unknown}
 i - a potion of berserk rage {unknown}
Comestibles
 c - 3 rations


   Skills:
 + Level 3.8 Fighting
 + Level 1.9 Long Blades
 + Level 0.2 Maces & Flails
 + Level 2.0 Armour
 + Level 1.0 Dodging
 + Level 0.6 Stealth
 + Level 2.7 Invocations


You had 2 spell levels left.
You didn't know any spells.
Your spell library was empty.

Dungeon Overview and Level Annotations

Branches:
Dungeon (2/15)

Altars:


Innate Abilities, Weirdness & Mutations

You are partially covered in iridescent scales. (AC +2)
You are immune to rotting.


Message History

The hobgoblin barely misses you.
You closely miss the hobgoblin. The hobgoblin hits you.
* * * LOW HITPOINT WARNING * * *
You sock the hobgoblin!
You kill the hobgoblin!
Lugonu accepts your kill.
Your Armour skill increases to level 2!
You closely miss the goblin. The goblin misses you.
The goblin hits you but does no damage.
You miss the goblin. The goblin hits you.
* * * LOW HITPOINT WARNING * * *
You hit the goblin.
You kill the goblin!
Lugonu accepts your kill.
The hobgoblin throws a stone.
The stone hits you but does no damage.
You sock the hobgoblin!
You kill the hobgoblin!
Lugonu accepts your kill. The gnoll hits you.
You die...

############...#
...............#
############.#.####
#.#....# #.####.#
#.# ### # #.# .#.#.
#.#####≈≈≈≈≈≈
#(.((@g......
#######≈≈≈≈≈≈ #.#.#
#


You could see a gnoll.

Vanquished Creatures
  A gnoll (D:2)
  An adder (D:2)
  2 leopard geckos
  A giant cockroach (D:2)
  4 goblins
  3 hobgoblins (D:2)
  2 jackals (D:1)
  A kobold (D:2)
  A bat (D:2)
  2 rats (D:1)
18 creatures vanquished.

Notes
Turn   | Place    | Note
-------+----------+-------------------------------------------
     0 | Abyss:1  | wrhowe the Demonspawn Abyssal Knight began the quest for
                  | the Orb.
     0 | Abyss:1  | Reached XP level 1. HP: 18/18 MP: 2/2
     1 | Abyss:1  | Found a corrupted altar of Lugonu.
    41 | Abyss:2  | Noticed a large abomination
    68 | Abyss:2  | Noticed an earth elemental
    76 | D:1      | Escaped the Abyss
   228 | D:1      | Reached * piety under Lugonu
   341 | D:1      | Gained mutation: You are immune to rotting. [demonic
                  | ancestry]
   341 | D:1      | Reached XP level 2. HP: 24/24 MP: 3/3
   346 | D:1      | You fall into a shaft and drop 1 floor!
   711 | D:2      | Reached skill level 1 in Dodging
   714 | D:2      | Gained mutation: You are partially covered in iridescent
                  | scales. (AC +2) [demonic ancestry]
   714 | D:2      | Reached XP level 3. HP: 11/30 MP: 3/5
   727 | D:2      | HP: 1/30 [goblin (3)]
   730 | D:2      | Slain by a gnoll

Levels and vault maps discovered:
D:1:      eino_arrival_cavern_a, layout_basic
D:2:      layout_basic, lemuel_blue_sif_altar, okawaru_altar_gauntlet_db,
          bh_walls_and_bars

Skill      XL: |  1  2  3 |
---------------+----------+-----
Dodging        | 1 |  1.0
Armour         | 2 |  2.0
Fighting       | |  3.8
Long Blades    | |  1.9
Maces & Flails | |  0.2
Stealth        | |  0.6
Invocations    | |  2.7

Action                   || total
-------------------------++-------
Melee: Flail             ||    38
Invok: Depart the Abyss  ||     1
Armor: Leather armour    ||    13
Dodge: Dodged            ||    30
